AoeStats
← 海峡

Runestones

507200432Analyzed
1v1 RM · 16d ago on Sep 17, 2026· 13m 53s· 2 players
Game mode
Random Map
Map size
Tiny (2 player)
Population
200
Speed
Normal
Resources
Standard
Victory
Conquest
Starting age
Dark Age
Ending age
Imperial Age
RankedLock teamsTeams togetherTeam positionsShared explorationLock speedFull tech treeHidden civsTurbo modeCheats
Victory
Defeat
🇺🇸 Burgundians · United States
1953
+4
🇨🇳 Romans · China
1626
-4
Gil-galad
6:03 Loom
6:06 Loom
8:46 Feudal Age
7:50 Double-Bit Axe
10:17 Bow Saw
11:29 Horse Collar
海峡
3:21 Loom
6:35 Loom
8:46 Feudal Age
9:17 Double-Bit Axe
9:01 Man-at-Arms
13:42 Horse Collar
Connection lost

Rejoining the realm…

Still unreachable

The connection could not be restored.

Session expired

The server has moved on; the page needs a fresh start.